Cogmind - Beta 14 @@@ ROGUE MODE // 2025.03.27 @ 22:02:25 Player: nitr0gen Result: Destroyed by VK-5RM(z) with Makeshift Sword Performance ------------- Evolutions (1) 500 Regions Visited (5) 1000 Robots Destroyed (25) 125 Value Destroyed (713) 713 Prototype IDs (3) 60 Alien Tech Used (0) 0 Bonus (-12) -12 TOTAL SCORE: 2386 Bonus ------- Friendly Fire -12 Cogmind --------- Core Integrity 0/400 Matter 257/300 Energy 44/100 System Corruption 0% Temperature Cool (0) Movement Core (150) Ox2 Location -7/Zion Parts ------- > --- POWER (2) -------- (None) > --- PROPULSION (3) --- (None) > --- UTILITY (2) ------ Heat Sink Small Storage Unit > --- WEAPON (2) ------- Assault Rifle > --- INVENTORY (8) ---- Light Assault Rifle Grenade Launcher Mini Grenade Launcher Peak State ------------ > --- POWER ------------ Ion Engine Light Ion Engine > --- PROPULSION ------- Aluminum Leg Aluminum Leg Aluminum Leg > --- UTILITY ---------- Small Storage Unit Hacking Drone Bay > --- WEAPON ----------- EM Shotgun Medium Laser > --- INVENTORY -------- Improved Ion Engine Heat Sink EM Shotgun EM Shotgun Light Assault Rifle Grenade Launcher Mini Grenade Launcher [Rating: 19] Favorites ----------- Power Light Ion Engine Engine Light Ion Engine Propulsion Aluminum Leg Leg Aluminum Leg Utility Small Storage Unit Device Heat Sink Storage Small Storage Unit Weapon Assault Rifle Energy Gun Medium Laser Ballistic Gun Assault Rifle Launcher Grenade Launcher Build | -11 -10 -10 -9 -9 -7 ------- Run | Yrd Mat Min Mat Min Zio Slots Evolved 2 | . . . 2 . . Power 1 | . . . 1 . . Propulsion 1 | . . . 1 . . Utility . | . . . . . . Weapon . | . . . . . . Parts Attached 25 | 6 2 . 10 . 7 Power 5 | 1 . . 3 . 1 Engine 5 | 1 . . 3 . 1 Core . | . . . . . . Reactor . | . . . . . . Propulsion 5 | 2 . . 3 . . Treads . | . . . . . . Leg 5 | 2 . . 3 . . Wheel . | . . . . . . Hover . | . . . . . . Flight . | . . . . . . Utility 4 | 1 1 . . . 2 Device 3 | . 1 . . . 2 Storage 1 | 1 . . . . . Processor . | . . . . . . Hackware . | . . . . . . Protection . | . . . . . . Artifact . | . . . . . . Weapon 11 | 2 1 . 4 . 4 Energy Gun 6 | 1 . . 2 . 3 Energy Cannon . | . . . . . . Ballistic Gun 3 | 1 . . 1 . 1 Ballistic Cannon . | . . . . . . Launcher 2 | . 1 . 1 . . Special Weapon . | . . . . . . Impact Weapon . | . . . . . . Slashing Weapon . | . . . . . . Piercing Weapon . | . . . . . . Special Melee Weapon . | . . . . . . Unidentified Prototypes 1 | . . . . . 1 Parts Lost 16 | . . . 7 . 9 Power 4 | . . . 2 . 2 Propulsion 5 | . . . 2 . 3 Utility . | . . . . . . Weapon 7 | . . . 3 . 4 Highest Loss Streak 9 | . . . 6 . 9 To Critical Strikes . | . . . . . . Average Slot Usage (%) 95 | . 95 100 92 . 96 Engine 17 | . 14 14 21 . 21 Leg 29 | . 28 28 27 . 31 Device 11 | . 11 14 11 . 10 Storage 12 | . 14 14 11 . 11 Energy Gun 6 | . 6 . 3 . 12 Ballistic Gun 11 | . 14 14 9 . 9 Launcher 5 | . 6 14 6 . . Peak Build Rating 19 | 6 7 7 10 10 19 Average Rating 8 | 4 6 7 8 10 10 On Entrance 6 | . 6 7 7 10 10 Naked Turns . | . . . . . . Heaviest Build 19 | 12 14 14 18 18 19 Greatest Support 30 | 20 20 20 30 30 30 Greatest Overweight (x) 4 | . . . 1 . 4 Average Overweight (x) . | . . . . . . Largest Inventory Capacity 8 | 8 8 8 8 8 8 Average Capacity 7 | 6 8 8 8 8 8 Most Carried 8 | 2 7 8 8 7 8 Average Carried 5 | . 3 7 6 7 7 Final Capacity 8 | 8 8 8 8 8 8 Final Carried 8 | . 7 8 7 7 3 Class Distribution -------------------- 64% | Mutant 35% | Scavenger-Mutant Dominant Class ---------------- Mutant | -10/Materials Mutant | -10/Mines Mutant | -9/Materials Scavenger-Mutant | -9/Mines Scavenger-Mutant | -7/Zion Resources | -11 -10 -10 -9 -9 -7 ----------- Run | Yrd Mat Min Mat Min Zio Matter Collected 690 | 189 213 56 223 . 9 Remotely . | . . . . . . Salvage Created 758 | . 248 132 358 . 20 Parts 55 | . 22 4 28 . 1 Haulers Intercepted . | . . . . . . Recyclers Shooed . | . . . . . . Parts Field Recycled . | . . . . . . Retrieved Matter . | . . . . . . Parts Self-Destructed . | . . . . . . Prevented . | . . . . . . Kills | -11 -10 -10 -9 -9 -7 ------- Run | Yrd Mat Min Mat Min Zio Combat Hostiles Destroyed 17 | . 7 2 8 . . Guns 11 | . 5 1 5 . . AOE 6 | . 2 1 3 . . Classes Destroyed 8 | . 5 1 1 . 1 Builder 1 | . 1 . . . . Tunneler 1 | . 1 . . . . Recycler 1 | . . 1 . . . Watcher 4 | . 2 . 2 . . Swarmer 2 | . 2 . . . . Grunt 13 | . 5 2 6 . . Sentry 2 | . . . 2 . . Zionite 1 | . . . . . 1 Best Kill Streak 3 | . 3 3 3 . 1 Combat Bots Only 3 | . 2 2 3 . . Max Kills in Single Turn 2 | . 2 1 2 . 1 Gunslinging . | . . . . . . Exploded 1 | . 1 1 1 . . Melee . | . . . . . . Uniques/NPCs Destroyed . | . . . . . . Combat | -11 -10 -10 -9 -9 -7 -------- Run | Yrd Mat Min Mat Min Zio Hostile Shots Fired 248 | . 42 11 73 . 122 Missed 107 | . 14 6 27 . 60 Damage Taken 2130 | . 320 83 610 . 1117 Core 473 | . 22 40 128 . 283 Absorbed by Shields . | . . . . . . Regen/Repaired (Parts) 312 | . . . 51 . 261 Core Remaining (%) 87 | 100 . 75 . . . Volleys Fired 81 | . 24 6 31 . 20 Largest 2 | . 2 2 2 . 2 Hottest 90 | . 70 50 70 . 90 Shots Fired 122 | . 47 12 42 . 21 Gun 105 | . 41 6 37 . 21 Cannon . | . . . . . . Launcher 17 | . 6 6 5 . . Special . | . . . . . . Kinetic 56 | . 24 6 25 . 1 Thermal 23 | . 17 . 6 . . Explosive 17 | . 6 6 5 . . Electromagnetic 26 | . . . 6 . 20 Robot Hit Streak 8 | . 8 5 6 . 4 Robot Miss Streak 5 | . 3 1 5 . 1 Penetration Max . | . . . . . . Secondary Targets 2 | . 1 . . . 1 Max Gunslinging Chain 1 | . 1 . . . 1 Shots Hit Robots 65 | . 31 8 24 . 2 Core Hits 42 | . 18 5 16 . 3 Critical Kills 1 | . . 1 . . . Critical Parts Destroyed . | . . . . . . Critical Strikes 1 | . . 1 . . . Destroy 1 | . . 1 . . . Melee Attacks . | . . . . . . Impact . | . . . . . . Slashing . | . . . . . . Piercing . | . . . . . . Sneak Attacks . | . . . . . . Combat Hostiles . | . . . . . . Follow-up Attacks . | . . . . . . Damage Inflicted 1446 | . 627 275 498 . 46 Guns 718 | . 331 61 280 . 46 Cannons . | . . . . . . Explosions 716 | . 292 209 215 . . Melee . | . . . . . . Ramming 12 | . 4 5 3 . . Kinetic 439 | . 192 61 186 . . Thermal 202 | . 139 . 63 . . Explosive 679 | . 292 209 178 . . Electromagnetic 114 | . . . 68 . 46 Impact . | . . . . . . Slashing . | . . . . . . Piercing . | . . . . . . Highest Corruption 1 | . . . 1 1 1 Average Corruption 1 | . . . 1 1 1 Corruption Purged . | . . . . . . Corruption Blocked . | . . . . . . Effects 5 | . . . 5 . . Message Errors 1 | . . . 1 . . Matter Fused 1 | . . . 1 . . Heat Flow Errors 1 | . . . 1 . . Data Loss (minor) 1 | . . . 1 . . Misfires 1 | . . . 1 . . Overload Shots . | . . . . . . Overflow Damage 52 | . 10 8 34 . . Projectiles . | . . . . . . Explosions 52 | . 10 8 34 . . Melee . | . . . . . . Knockbacks . | . . . . . . Impact . | . . . . . . Kinetic . | . . . . . . Secondary . | . . . . . . Self-Inflicted Damage 74 | . 7 28 39 . . Shots 3 | . 1 1 1 . . Rammed . | . . . . . . Targets Rammed 3 | . 1 1 1 . . Kicked 3 | . 1 1 1 . . Crushed . | . . . . . . Highest Temperature 195 | . 195 . 180 . 144 Average Temperature 92 | . 119 . 60 . 72 Received Heat Transfer 570 | . 147 30 294 . 99 Siege Activations . | . . . . . . Robots Corrupted . | . . . . . . Combat Hostiles . | . . . . . . Parts Fried . | . . . . . . Impact Corruptions . | . . . . . . Robots Melted . | . . . . . . Combat Hostiles . | . . . . . . Parts Melted . | . . . . . . Heat Transferred 531 | . 407 . 124 . . Parts Sabotaged . | . . . . . . Parts Stolen . | . . . . . . Parts Stripped . | . . . . . . Power Chain Reactions 1 | . . . 1 . . Alert | -11 -10 -10 -9 -9 -7 ------- Run | Yrd Mat Min Mat Min Zio Peak Influence 275 | . 185 85 275 106 . Initial 106 | . . . 33 106 . Average 106 | . 113 54 147 106 . Maximum Alert Level 1 | . . . 1 . . Low Security (%) 89 | 100 100 100 59 100 . Level 1 10 | . . . 40 . . Level 2 . | . . . . . . Level 3 . | . . . . . . Level 4 . | . . . . . . Level 5 . | . . . . . . High Security . | . . . . . . Max Security . | . . . . . . Squads Dispatched 4 | . 1 . 3 . . Investigation 2 | . . . 2 . . Extermination . | . . . . . . Reinforcement 2 | . 1 . 1 . . Assault . | . . . . . . Garrison . | . . . . . . Intercept . | . . . . . . Searches Triggered . | . . . . . . Construction Impeded . | . . . . . . Haulers Reinforced . | . . . . . . Active Scanning Responses . | . . . . . . Cargo Convoy Interrupts . | . . . . . . Stealth | -11 -10 -10 -9 -9 -7 --------- Run | Yrd Mat Min Mat Min Zio Distress Signals 1 | . . . 1 . . Communications Jammed . | . . . . . . Distress Signals . | . . . . . . Times Spotted 43 | . 15 2 14 . 12 Peak Tracking Total 9 | . 5 2 5 . 9 Tactical Retreats . | . . . . . . Traps | -11 -10 -10 -9 -9 -7 ------- Run | Yrd Mat Min Mat Min Zio Traps Triggered 1 | . 1 . . . . Indirectly . | . . . . . . Trap Hack Attempts . | . . . . . . Triggered . | . . . . . . Disarmed 6 | . 6 . . . . Reprogrammed . | . . . . . . Reused . | . . . . . . Traps Extracted . | . . . . . . Installed . | . . . . . . Triggered . | . . . . . . Machines | -11 -10 -10 -9 -9 -7 ---------- Run | Yrd Mat Min Mat Min Zio Machines Disabled 3 | . 2 . 1 . . Max in Single Turn 1 | . 1 . 1 . . Machines Repaired . | . . . . . . Machines Dismantled . | . . . . . . Machines Sabotaged . | . . . . . . Overloaded Fab Kills . | . . . . . . Hacking | -11 -10 -10 -9 -9 -7 --------- Run | Yrd Mat Min Mat Min Zio Machines Accessed 6 | . 4 . 2 . . Terminals 4 | . 4 . . . . Fabricators . | . . . . . . Repair Stations 1 | . . . 1 . . Recycling Units . | . . . . . . Scanalyzers 1 | . . . 1 . . Garrison Access . | . . . . . . Total Hacks 20 | . 13 . 7 . . Successful 16 | . 11 . 5 . . Failed 4 | . 2 . 2 . . Catastrophic 2 | . 1 . 1 . . Database Lockouts . | . . . . . . Manual 3 | . . . . . 3 Terminals 13 | . 13 . . . . Fabricators . | . . . . . . Repair Stations 4 | . . . 4 . . Recycling Units . | . . . . . . Scanalyzers 3 | . . . 3 . . Garrison Access . | . . . . . . Terminal Hacks 11 | . 11 . . . . Record 7 | . 7 . . . . Prototype ID Bank 1 | . 1 . . . . Level Access Points 1 | . 1 . . . . Alert Level 1 | . 1 . . . . Disarm Traps 1 | . 1 . . . . Fabricator Hacks . | . . . . . . Repair Station Hacks 2 | . . . 2 . . Scan Component 1 | . . . 1 . . Repair 1 | . . . 1 . . Recycling Unit Hacks . | . . . . . . Scanalyzer 3 | . . . 3 . . Insert Component 1 | . . . 1 . . Analyze 2 | . . . 2 . . Garrison Access Hacks . | . . . . . . Unauthorized Hacks . | . . . . . . Terminals . | . . . . . . Fabricators . | . . . . . . Repair Stations . | . . . . . . Recycling Units . | . . . . . . Scanalyzers . | . . . . . . Garrison Access . | . . . . . . Data Cores Recovered . | . . . . . . Used . | . . . . . . Hacking Detections 5 | . 3 . 2 . . Full Trace Events 3 | . 1 . 2 . . Feedback Events 1 | . . . 1 . . Corruption 1 | . . . 1 . . Feedback Blocked . | . . . . . . Robot Schematics Acquired 3 | . . . . . 3 Robots Built . | . . . . . . Authchips . | . . . . . . Time . | . . . . . . Total Robot Build Rating . | . . . . . . Part Schematics Acquired 15 | . . . 1 . 14 Parts Built . | . . . . . . Authchips . | . . . . . . Time . | . . . . . . Total Part Build Rating . | . . . . . . Parts Repaired 1 | . . . 1 . . Time 26 | . . . 26 . . Parts Recycled . | . . . . . . Recycled Matter . | . . . . . . Retrieved Matter . | . . . . . . Retrieved Components . | . . . . . . Parts Scanalyzed 1 | . . . 1 . . Part Schematics Acquired 1 | . . . 1 . . Parts Damaged . | . . . . . . Bothacking | -11 -10 -10 -9 -9 -7 ------------ Run | Yrd Mat Min Mat Min Zio Used RIF Installer . | . . . . . . Robots Hacked . | . . . . . . Non-combat . | . . . . . . Combat . | . . . . . . Robot Hacks Applied . | . . . . . . Relay Couplers Released . | . . . . . . Fabnet Peak Effective % . | . . . . . . Robots Rewired . | . . . . . . Allies Hacked . | . . . . . . Hacks Repelled . | . . . . . . Allies | -11 -10 -10 -9 -9 -7 -------- Run | Yrd Mat Min Mat Min Zio Total Allies . | . . . . . . Largest Group . | . . . . . . Highest-Rated Group . | . . . . . . Highest-Rated Ally . | . . . . . . Total Orders . | . . . . . . Ally Attacks . | . . . . . . Total Damage . | . . . . . . Kills . | . . . . . . Allies Corrupted . | . . . . . . Allies Melted . | . . . . . . Intel | -11 -10 -10 -9 -9 -7 ------- Run | Yrd Mat Min Mat Min Zio Robot Analysis Total . | . . . . . . Derelict Logs Recovered . | . . . . . . Drone Launches . | . . . . . . Drone Recoveries . | . . . . . . Exploration | -11 -10 -10 -9 -9 -7 ------------- Run | Yrd Mat Min Mat Min Zio Turns Passed 2270 | 64 808 299 391 5 703 Spaces Moved 1581 | 44 582 205 215 5 530 Core 11 | 6 . . . . 5 Treads . | . . . . . . Legs 1570 | 38 582 205 215 5 525 Wheels . | . . . . . . Hover . | . . . . . . Flight . | . . . . . . Fastest Speed 50 | 50 120 120 120 120 100 Average Speed 120 | 110 120 120 122 120 120 Slowest Speed 250 | 120 120 120 190 120 250 Overloaded Moves . | . . . . . . Propulsion Burnouts . | . . . . . . Robots Hopped . | . . . . . . Cave-ins Triggered . | . . . . . . Exploration Rate (%) 31 | 5 77 29 21 5 49 Regions Visited 5 Branch Regions 3 Pre-discovered Areas . | . . . . . . Known Exits Taken 1 | . . 1 . . . Unknown Exits Taken 4 | 1 1 . 1 1 . Scrap Searched 1 | . . . . . 1 Spaces Dug . | . . . . . . Terrain Destroyed 120 | . 31 53 36 . . Melee . | . . . . . . Projectile . | . . . . . . AOE 120 | . 31 53 36 . . Terrain Rammed . | . . . . . . Walls Destroyed . | . . . . . . Machines Disabled . | . . . . . . Actions | -11 -10 -10 -9 -9 -7 --------- Run | Yrd Mat Min Mat Min Zio Total 1830 | 59 644 246 302 4 575 Wait 99 | 4 17 34 33 . 11 Move 1576 | 43 581 204 214 4 530 Hop . | . . . . . . Pick Up 31 | 6 9 1 11 . 4 Fast Attach . | . . . . . . Attach 25 | 6 2 . 10 . 7 Detach . | . . . . . . Swap . | . . . . . . Drop 5 | . . . 2 . 3 Fire 81 | . 24 6 31 . 20 Melee . | . . . . . . Ram . | . . . . . . Kick 3 | . 1 1 1 . . Crush . | . . . . . . Escape Stasis . | . . . . . . Rewire 10 | . 10 . . . . Trap . | . . . . . . Miscellaneous . | . . . . . . Route ------- -11/Scrapyard -10/Materials (discovered 5 exits: *Mat x3 / [*Min x2]) -10/Mines -9/Materials -9/Mines -7/Zion History --------- Turn | Location | Event 8 | -11/Scrapyard | Discovered new exit (range 15) 65 | -11/Scrapyard | Entered Materials 136 | -10/Materials | Discovered new exit (range 14) 245 | -10/Materials | Identified exit to Materials 309 | -10/Materials | Build established: Mutant 806 | -10/Materials | Discovered new exit (range 6) 873 | -10/Materials | Entered Mines 1030 | -10/Mines | Discovered exit to Materials (range 12) 1172 | -10/Mines | Entered Materials 1172 | -9/Materials | Evolved 2 slots: Power x1, Propulsion x1 1376 | -9/Materials | Repaired Grenade Launcher 1479 | -9/Materials | Lost 6 parts (2p1n3w) 1511 | -9/Materials | Discovered new exit (range 14) 1563 | -9/Materials | Entered Mines 1564 | -9/Mines | A Derelict revealed a hidden shortcut to a safe place 1568 | -9/Mines | Entered Zion 1621 | -7/Zion | System corruption cleaned by Quarantine Array 1757 | -7/Zion | Build established: Scavenger-Mutant 1929 | -7/Zion | Given the Hacking Drone Bay 2028 | -7/Zion | Visited the Megawrench Repair Shop 2028 | -7/Zion | Megawrench repaired 7 parts 2079 | -7/Zion | Found Prototype Device 2098 | -7/Zion | Identified Hacking Drone Bay 2178 | -7/Zion | Attacked by Zionites 2193 | -7/Zion | Core integrity fell below 50% 2257 | -7/Zion | Core integrity fell below 20% 2271 | -7/Zion | Destroyed by VK-5RM(z) with Makeshift Sword Last Messages --------------- VX-K3T(z) destroyed. 9I-DG5(m) repairs Mak. Leg. TZ-TZO(z) heat damages Mak. Power Source. TZ-TZO(z) overheating. EM Shotgun destroyed. TZ-TZO(z) heat damages Mak. Leg, Mak. Power Source. TZ-TZO(z) overheating. 9I-DG5(m) repairs Mak. Power Source. TZ-TZO(z) heat damages Mak. Laser. VK-5RM(z) pulls a Mak. Sword out of the Twisted Machinery. FC-FXN(z) overheating. TZ-TZO(z) heat short circuits Mak. Leg. TZ-TZO(z) heat damages Broken Mak. Leg, Mak. Laser, Mak. Power Source, Broken Mak. Leg. 9I-DG5(m) repairs Mak. Power Source. FC-FXN(z) overheating. TZ-TZO(z) heat damages Broken Mak. Leg, Mak. Laser, Mak. Power Source. Map ----- +----------------------------------------------------+ | ?????????????????????????????????????????????????? | | ?????????????????????????????????????????????????? | | ?????????????????????????????????????????????????? | | #####????????????????????????????????????????????? | | ""#"#????????????????????????????????????????????? | | " "#????????????????????????????????????????????? | | "#????????????????????????????????????????????? | | "###??????????????????????????????????????????? | | """###??????????????????????????????????####??# | | """"""##???????""??????????????????????###"#"##" | | """#?????"" "???????????????????###""""#""# | | ""##???"" ? ???????????????#"""""""""" | | """#"""" ????????????#"" | | """"" ??????????#"" | | "" z "????????##"" "" | | """ "" "???????#""" """ | | """ "" ""########"" "" | | """ "" "##""""###"" "" | | "" """ """ """#""""""#"" "" | | """"" """ """ """""" """"" """ | | ""#""#" "" "" "" """# | | """"##"" "" """# | | """##"" """ """ "## | | ""###" z """" """" ""#? | | """"" z """""" ""#"# | | / z =z @ """### | | =% !%% z """""" | | % % """"" | | """" """" """"" " | | """""" """"" """""" " | | """""#""""" """" """""#"""" """" | | """###"##"" """" """"#"###"" """"" | | ""##?#####"" """"" """""###?##" """""" | | ""#??????""""""""""""#"###????#"" """#"" | | "##?????###"#""#"""""###??????"#" #""#" "" | | ""#????????#######"####?????????"" """"" "" | | ""#?????????????????????????????"" """"" "" | | ""??????????????????????????????#" """ | | "??????????????????????????????#"" " """ " | | ???????????????????????????????"" " """ " | | ???????????????????????????????#" " """ | | ???????????????????????????????"#" " "" " | | ????????????????????????????????#"" " "" "" | | ??????????????????????????????????""" " "" "" | | ??????????????????????????????????""" "" | | ??????????????????????????????????#"" " | | ??????????????????????????????????"#" | | ??????????????????????????????????#"" | | ?????????????????????????????????#""" | | ?????????????????????????????????#"" "" | +----------------------------------------------------+ Best States ------------- Heat Dissipation 38 Energy Generation 15 Energy Capacity 275 Matter Stores 300 Matter Capacity 300 Sight Range 16 Terrain Scan Density 10 Evasion (%) 55 Item Schematics ----------------- Grenade Launcher | -9/Materials | Scanalyzed Adv. Signal Interpreter | -7/Zion | Archive Hvy. Missile Launcher | -7/Zion | Archive Imp. Thermal Shield | -7/Zion | Archive Tesla Rifle | -7/Zion | Archive Arm. Huge Wheel | -7/Zion | Archive Lgt. Fission Core | -7/Zion | Archive Force Booster | -7/Zion | Archive Imp. Particle Charger | -7/Zion | Archive Matter Filter | -7/Zion | Archive Proton Cannon | -7/Zion | Archive Shock Absorption System | -7/Zion | Archive Imp. Melee Analysis Suite | -7/Zion | Archive Imp. Medium Treads | -7/Zion | Archive Med. Treads | -7/Zion | Archive Robot Schematics ------------------ R-06 Scavenger | -7/Zion | Archive B-48 Gladiator | -7/Zion | Archive A-02 Transporter | -7/Zion | Archive Fabricated ------------ Nothing Alien Tech Used ----------------- None Achievements -------------- Robot Respite Challenges ------------ None Game ------ Seed ThermicChainSpecial Manual? 0 Play Time 00:22:51 Cumulative 3.8 hours Start 2025.03.27 @ 21:19:06 End 2025.03.27 @ 22:02:25 Sessions 1 Manual Loads 0 Difficulty Rogue Special Mode None Game No. 13 Rogue 13 Adventurer 0 Explorer 0 Win Type - Total 0 Types 0/0/0/0/0/0/0/0/0 Lore% 7 Gallery% 8 Achievement% 9 Wizard Run 0 Options --------- Layout 1 ASCII 0 Keyboard 0 Movement Mouse Keybinds 0 Fullscreen 1 Font 32/SmallcapsGlow Map View 50x35 Zoom Use 0% Tactical HUD 0 Map Filters NONE Filters NONE Steam 1 RUN: 2e43038b-9510-4cec-bcbf-178eb248ebf3